Map: Celestial Enclave LE

Players

Cypem

  • Race: Zerg Zerg
  • League: Grandmaster
  • Spawn Location: 7:00

A.I. 1 (Very Easy) - Winner!

  • Race: Protoss Protoss
  • Spawn Location: 1:00

VOD

https://www.patreon.com/c/zergsgroundzero/posts

Description

Time

  • Played on: Feb. 7, 2026, 9:33 a.m.
  • Length: 8:32
Show
View Real Time Build Order
Export as new Build Order

Cypem Zerg 

Build Orders: Hatch First 

Get SALT Encoding   

  12  0:00  Drone  
  13  0:09  Drone  
  14  0:14  Extractor, Drone  
  14  0:21  Overlord  
  15  0:39  Drone  
  16  0:46  Hatchery  
  16  0:49  Drone  
  16  0:52  Drone  
  16  0:56  Drone  
  18  1:06  Extractor  
  17  1:11  Spawning Pool  
  17  1:14  Drone  
  17  1:17  Drone  
  18  1:26  Drone  
  19  1:37  Drone  
  20  1:48  Drone  
  21  1:58  Queen x2  
  21  1:59  Overlord  
  25  2:01  Zergling x2  
  26  2:09  Drone  
  26  2:10  Drone  
  26  2:11  Metabolic Boost  
  28  2:20  Drone  
  28  2:21  Drone  
  30  2:30  Drone  
  30  2:31  Drone  
  30  2:34  Queen  
  34  2:42  Hatchery  
  33  2:46  Overlord  
  34  2:51  Drone  
  34  2:52  Drone  
  34  2:54  Overlord  
  35  3:02  Drone  
  36  3:08  Drone x3  
  36  3:09  Drone x3  
  36  3:11  Drone  
  43  3:15  Queen  
  45  3:20  Spore Crawler  
  45  3:25  Queen  
  46  3:27  Drone  
  46  3:28  Drone  
  46  3:32  Spore Crawler  
  47  3:35  Overlord  
  47  3:40  Zergling x6  
  47  3:41  Zergling x2  
  51  3:42  Zergling x2  
  51  3:46  Overlord  
  52  3:55  Drone x4  
  55  3:56  Drone  
  55  4:01  Evolution Chamber  
  56  4:05  Drone x2  
  56  4:06  Drone  
  59  4:10  Drone x2  
  59  4:12  Drone  
  59  4:13  Drone, Spore Crawler  
  59  4:14  Drone  
  59  4:16  Drone  
  64  4:20  Lair  
  64  4:22  Drone  
  64  4:23  Drone  
  66  4:26  Overlord  
  66  4:28  Drone  
  66  4:31  Drone x2  
  69  4:39  Zerg Missile Weapons Level 1, Drone x4  
  69  4:40  Drone  
  69  4:41  Overlord  
  74  4:49  Extractor  
  74  4:50  Extractor  
  72  4:53  Hatchery  
  72  4:54  Roach Warren  
  72  4:57  Drone x2  
  72  4:58  Overlord  
  73  5:00  Drone x3  
  73  5:02  Drone  
  73  5:03  Drone  
  73  5:05  Drone  
  73  5:06  Drone  
  79  5:12  Overlord  
  79  5:13  Drone  
  79  5:14  Drone x3  
  83  5:17  Extractor  
  83  5:18  Extractor x2  
  80  5:24  Drone x2  
  80  5:25  Overlord  
  80  5:26  Overlord x4  
  82  5:35  Overlord, Glial Reconstitution  
  82  5:40  Overlord  
  82  5:42  Roach x5  
  92  5:45  Roach  
  92  5:46  Roach  
  96  5:51  Roach x3  
  96  5:54  Overlord  
  96  5:56  Roach  
  104  5:59  Roach  
  104  6:00  Roach x2  
  104  6:03  Roach  
  104  6:04  Roach  
  114  6:12  Overlord  
  114  6:13  Roach x4  
  114  6:14  Roach  
  114  6:18  Ravager x4  
  126  6:22  Roach x2  
  132  6:27  Roach  
  132  6:28  Roach x2  
  132  6:31  Overlord  
  132  6:32  Roach x3  
  144  6:36  Roach  
  144  6:37  Roach x2  
  144  6:39  Roach  
  154  6:40  Roach  
  154  6:48  Zergling x2  
  154  6:49  Zergling x16  
  163  6:56  Overlord  
  163  6:57  Zergling x4  
  163  6:58  Zergling x2  
  166  7:05  Overlord  
  166  7:08  Overlord  
  166  7:09  Zergling x10  
  171  7:17  Zergling x16  
  171  7:18  Zergling x2  
  180  7:25  Spire  
  179  7:32  Overlord  
  179  7:33  Zergling x18  
  188  8:12  Zergling x24  
Show
View Real Time Build Order
Export as new Build Order

A.I. 1 (Very Easy) Protoss - Winner!

Build Orders:  

Get SALT Encoding   

  12  0:00  Probe  
  13  0:13  Probe  
  14  0:19  Pylon  
  14  0:36  Assimilator  
  14  0:42  Gateway  
  14  0:46  Pylon  
  14  1:13  Assimilator  
  14  1:22  Probe  
  14  1:30  Probe  
  14  1:32  Zealot  
  17  1:34  Cybernetics Core  
  17  1:38  Probe  
  19  1:49  Probe  
  20  1:59  Probe  
  20  2:00  Warp Gate  
  21  2:07  Probe  
  22  2:43  Stalker  
  24  4:30  Probe  
  24  6:59  Stalker  
  24  7:00  Probe  
  20  7:15  Pylon  
  19  7:23  Pylon  
  3  7:36  Nexus  
  1  7:59  Pylon  
  1  8:03  Pylon  
Tags
 
Add a new tag
Caveats
  • Supply blocks, unpowered buildings, or Contaminate may cause inaccurate times.
  • Supply counts are checked every 10 seconds.